 Dungeon Crawl Stone Soup version 0.28.0-53-g5a82cb258f (webtiles) character file.

Game seed: 14484333246535260941

318 Ashen the Ogre Mage (level 6, -1/59 HPs)
             Began as an Ogre Hedge Wizard on June 17, 2022.
             Slain by a bullfrog zombie (4 damage)
             ... in an ossuary.
             The game lasted 00:09:00 (5123 turns).

Ashen the Ogre Mage (Ogre Hedge Wizard)             Turns: 5123, Time: 00:09:00

Health: -1/59      AC:  3    Str: 15    XL:     6   Next: 45%
Magic:  1/12       EV: 10    Int: 17    God:
Gold:   95         SH:  0    Dex:  8    Spells: 6/14 levels left

rFire   . . .      SeeInvis .   a - +1 dagger
rCold   . . .      Faith    .   (no shield)
rNeg    . . .      Spirit   .   b - +0 robe
rPois   .          Reflect  .   c - +0 hat
rElec   .          Harm     .   (no cloak)
rCorr   .          Rampage  .   (gloves unavailable)
Will    .....                   (boots unavailable)
Stlth   ++........              (no amulet)
HPRegen 0.19/turn               (no ring)
MPRegen 0.13/turn               (no ring)

@: no status effects
A: large, unfitting armour, tough skin 1
a: no special abilities


You were in an ossuary.
You visited 1 branch of the dungeon, and saw 4 of its levels.
You also visited: Ossuary.

You collected 95 gold pieces.

Inventory:

Hand Weapons
 a - a +1 dagger (weapon)
Armour
 b - a +0 robe (worn)
 c - a +0 hat (worn)
Magical Staves
 h - a staff of fire
 k - a staff of death
Jewellery
 l - a +6 ring of intelligence
Wands
 i - a wand of digging (4)
 p - a wand of paralysis (3)
Scrolls
 m - a scroll of identify
Potions
 e - 2 potions of heal wounds
 f - a potion of mutation {unknown}
 g - a potion of invisibility {unknown}
 j - a potion of attraction
 n - a potion of might {unknown}
 o - 2 potions of berserk rage {unknown}


   Skills:
 + Level 2.7 Fighting
 + Level 2.6 Dodging
 + Level 2.3 Stealth
 + Level 4.5 Spellcasting
 + Level 2.1 Conjurations
 + Level 2.1 Summonings
 + Level 2.2 Translocations


You had 6 spell levels left.
You knew the following spells:

 Your Spells              Type           Power      Damage    Failure   Level
a - Magic Dart            Conj           44%        1d5       6%          1
b - Blink                 Tloc           22%        N/A       9%          2
c - Call Imp              Summ           11%        N/A       9%          2
d - Mephitic Cloud        Conj/Pois/Air  6%         N/A       32%         3

Your spell library contained the following spells:

 Spells                   Type           Power      Damage    Failure   Level
 Slow                     Hex            12%        N/A       16%         1
 Scorch                   Fire           6%         2d5       22%         2
 Conjure Flame            Conj/Fire      7%         6-21      28%         3
 Flame Wave               Conj/Fire      7%         2d5       67%         4
 Summon Cactus Giant      Summ           5%         N/A       100%        6


Dungeon Overview and Level Annotations

Branches:
Dungeon (4/15)            Ossuary (1/1)
 Temple: D:4-7

Altars:

Annotations:
D:1 Terence


Innate Abilities, Weirdness & Mutations

You are too large for most types of armour.
You have tough skin. (AC +1)


Message History

A beastly little devil appears in a puff of flame.
Your crimson imp says, "I commit to your fealty, my grandiloquent and awesome magnate!"
The bullfrog zombie closely misses you. The bullfrog zombie barely misses you.
You hit the mummy.
The mummy is severely damaged.
The mummy hits you!
* * * LOW HITPOINT WARNING * * *
The bullfrog zombie hits you.
* * * LOW HITPOINT WARNING * * *
Your crimson imp blinks!
The bullfrog zombie closely misses you. The mummy barely misses you.
The bullfrog zombie hits you.
* * * LOW HITPOINT WARNING * * *
The bullfrog zombie closely misses you. The mummy misses your crimson imp.
The bullfrog zombie barely misses you.
Your crimson imp hits the bullfrog zombie.
You hit the bullfrog zombie.
The bullfrog zombie is lightly damaged.
The bullfrog zombie barely misses you.
Your crimson imp hits the bullfrog zombie.
You hit the bullfrog zombie.
The bullfrog zombie is moderately damaged.
The bullfrog zombie hits you.
* * * LOW HITPOINT WARNING * * *
The mummy closely misses your crimson imp.
A bullfrog zombie comes into view.
Your crimson imp hits the bullfrog zombie.
You hit the bullfrog zombie but do no damage.
The bullfrog zombie is moderately damaged.
The bullfrog zombie hits you.
* * * LOW HITPOINT WARNING * * *
The bullfrog zombie barely misses you. x2
The mummy closely misses your crimson imp.
Your crimson imp hits the bullfrog zombie.
You closely miss the bullfrog zombie.
The bullfrog zombie is heavily damaged.
The bullfrog zombie hits you but does no damage.
A mummy comes into view.
The bullfrog zombie hits you.
You die...

##### ###
#..@#.'.#
#.Z5Z.###
#∩M.#.'.#
#####M###
+ ' ##


You could see 2 mummies, 2 bullfrog zombies and a friendly crimson imp
(summoned).

Vanquished Creatures
  2 necrophages
  Ijyb (D:3)
  A mummy (Ossuary)
  3 adders
  An adder skeleton (D:4)
  2 worms
  A dart slug (D:1)
  9 ball pythons
  7 bats
  7 endoplasms
  2 giant cockroaches
  6 hobgoblins
  7 jackals
  2 kobolds (D:1)
  2 quokkas
  7 goblins
  6 rats
66 creatures vanquished.

Vanquished Creatures (others)
  4 withered plants (Ossuary)
4 creatures vanquished.

Grand Total: 70 creatures vanquished

Notes
Turn   | Place    | Note
-------+----------+-------------------------------------------
     0 | D:1      | Ashen the Ogre Hedge Wizard began the quest for the Orb.
     0 | D:1      | Reached XP level 1. HP: 16/16 MP: 5/5
    23 | D:1      | Reached skill level 1 in Conjurations
    34 | D:1      | Reached skill level 1 in Summonings
   331 | D:1      | Reached skill level 1 in Translocations
   334 | D:1      | Reached XP level 2. HP: 22/26 MP: 4/6
   992 | D:1      | Reached skill level 1 in Fighting
  1148 | D:1      | Reached XP level 3. HP: 33/33 MP: 4/8
  1835 | D:2      | Noticed Terence
  2205 | D:2      | Learned a level 2 spell: Blink
  2208 | D:2      | Learned a level 2 spell: Call Imp
  2212 | D:2      | Learned a level 3 spell: Mephitic Cloud
  2259 | D:2      | Noticed a necrophage
  2344 | D:2      | Killed a necrophage
  2345 | D:2      | Reached skill level 4 in Spellcasting
  2345 | D:2      | Reached XP level 4. HP: 24/42 MP: 0/10
  2345 | D:2      | Reached XP level 5. HP: 28/49 MP: 0/11
  3468 | D:3      | Found a faded altar of an unknown god.
  3738 | D:3      | Noticed a necrophage
  3770 | D:3      | Killed a necrophage
  3771 | D:3      | Reached XP level 6. HP: 48/59 MP: 6/12
  4210 | D:3      | Noticed Ijyb
  4215 | D:3      | Paralysed by Ijyb for 6 turns
  4244 | D:3      | Paralysed by Ijyb for 7 turns
  4270 | D:3      | Killed Ijyb
  5058 | D:4      | Found a sand-covered staircase.
  5062 | Ossuary  | Entered an ossuary
  5106 | Ossuary  | HP: 1/59 [mummy (15)]
  5123 | Ossuary  | Slain by a bullfrog zombie

Illustrated notes

Levels and vault maps discovered:
D:1:      dpeg_arrival_ternary, layout_loops_corners
D:2:      layout_loops_corners, minmay_misc_feat_tower, uniq_terence
D:3:      layout_basic, nicolae_ecumenical_pavilion, corexii_leaking_fountain,
          chequers_serial_rivers_micro_e, uniq_ijyb
D:4:      layout_basic, gup_sewer_entry_spiral, nicolae_ossuary_entry_plus
Ossuary:  ossuary_zaba_flooded

Skill      XL: |  1  2  3  4  5 |
---------------+----------------+-----
Conjurations   | 1 2 |  2.1
Summonings     | 1 2 |  2.1
Translocations | 1 2 |  2.2
Fighting       | 1 2 |  2.7
Dodging        | 2 |  2.6
Stealth        | 2 |  2.3
Spellcasting   | 4 |  4.5

Action                   |  1- 3 |  4- 6 || total
-------------------------+-------+-------++-------
Melee: Dagger            |    74 |   109 ||   183
       Punch             |     1 |     2 ||     3
 Cast: Magic Dart        |    71 |    98 ||   169
       Call Imp          |     2 |     3 ||     5
       Blink             |     1 |     2 ||     3
       Mephitic Cloud    |       |     2 ||     2
  Use: Potion            |       |     4 ||     4
       Scroll            |       |     2 ||     2
 Stab: Sleeping          |     2 |       ||     2
       Confused          |       |     3 ||     3
Armor: Robe              |    32 |    17 ||    49
Dodge: Dodged            |    50 |    54 ||   104
